AoeStats
← cipock

Arabia

505220137Analyzed
1v1 RM · 24d ago on Sep 8, 2026· 45m 24s· 2 players
Game mode
Random Map
Map size
Tiny (2 player)
Population
200
Speed
Normal
Resources
Standard
Victory
Conquest
Starting age
Dark Age
Ending age
Imperial Age
RankedLock teamsTeams togetherTeam positionsShared explorationLock speedFull tech treeHidden civsTurbo modeCheats
Victory
Defeat
🇨🇳 Franks · China
601
+15
🇷🇴 Spanish · Romania
576
-15
cipock
11:22 Feudal Age
12:02 Double-Bit Axe
12:17 Loom
12:45 Horse Collar
20:33 Castle Age
22:28 Squires
21:49 Pikeman
22:16 Arson
23:00 Gambesons
23:23 Scale Mail Armor
32:18 Husbandry
34:42 Fervor
35:52 Wheelbarrow
35:49 Chain Mail Armor
35:45 Forging
37:20 Hand Cart
39:06 Iron Casting
41:49 Imperial Age
40:21 Bow Saw
40:06 Fletching
43:27 Conscription
43:54 Supremacy
43:51 Gold Mining
crazypig
10:44 Feudal Age
11:20 Double-Bit Axe
15:07 Forging
16:39 Scale Barding Armor
23:21 Castle Age
22:39 Gold Mining
22:40 Stone Mining
24:10 Husbandry
24:34 Bow Saw
26:44 Wheelbarrow
26:54 Iron Casting
29:16 Gold Shaft Mining
30:50 Hand Cart
34:55 Imperial Age
36:07 Conscription
35:49 Chivalry
35:14 Cavalier
37:01 Blast Furnace
36:22 Chain Barding Armor
36:55 Paladin
41:09 Plate Barding Armor
Connection lost

Rejoining the realm…

Still unreachable

The connection could not be restored.

Session expired

The server has moved on; the page needs a fresh start.